 Dungeon Crawl Stone Soup version 0.30-a0-743-gbfdf073431 (webtiles) character file.

Game seed: 5242501986698574701

1577 Leeroy the Carver (level 8, 0/38 HPs)
             Began as a Vine Stalker Warper on Feb 5, 2023.
             Was a Priest of Uskayaw.
             Succumbed to a water moccasin's poison
             ... on level 6 of the Dungeon.
             The game lasted 00:05:43 (4135 turns).

Leeroy the Carver (Vine Stalker Warper)             Turns: 4135, Time: 00:05:44

Health: 0/38       AC:  5    Str: 14    XL:     8   Next: 91%
Magic:  8/12       EV: 12    Int: 13    God:    Uskayaw [***...]
Gold:   412        SH:  0    Dex: 22    Spells: 3/11 levels left

rFire   . . .      SeeInvis .    J - +0 long sword
rCold   . . .      Faith    .    (no shield)
rNeg    . . .      Spirit   +    q - +2 robe
rPois   .          Reflect  .    (no helmet)
rElec   .          Harm     .    (no cloak)
rCorr   .          Rampage  .    (no gloves)
Will    +....                    K - +0 pair of boots
Stlth   ++                       (no amulet)
HPRegen 1.06/turn                H - ring of wizardry
MPRegen 0.13/turn                x - +6 ring of dexterity

@: lethally poisoned (0 -> -17), hasted, very quick
A: fangs 3, regeneration 1, magic shield, antimagic bite, no potion heal 2
a: Renounce Religion, Stomp, Line Pass


You were on level 6 of the Dungeon.
You worshipped Uskayaw.
Uskayaw was noncommittal.
You visited 1 branch of the dungeon, and saw 6 of its levels.

You collected 412 gold pieces.

Inventory:

Hand Weapons
 a - a +0 falchion
 k - a +2 dagger of venom
 J - a +0 long sword (weapon)
Missiles
 d - 8 boomerangs of dispersal
 h - 2 poisoned darts (quivered)
 p - 2 throwing nets
 t - 4 javelins
Armour
 b - a +0 leather armour
 q - a +2 robe (worn)
 z - a +1 ring mail of willpower
 K - a +0 pair of boots (worn)
Jewellery
 n - a +4 ring of protection
 u - a ring of flight
 x - a +6 ring of dexterity (right hand)
 H - a ring of wizardry (left hand)
 M - a ring of ice
Wands
 L - a wand of flame (9)
Scrolls
 c - a scroll of blinking
 l - 3 scrolls of magic mapping {unknown}
 m - a scroll of noise {unknown}
 o - a scroll of fear {unknown}
 s - a scroll of amnesia {unknown}
 v - a scroll of teleportation {unknown}
 w - a scroll of acquirement {unknown}
 y - 2 scrolls of brand weapon {unknown}
 A - a scroll of silence {unknown}
 B - 3 scrolls of identify {unknown}
 C - 3 scrolls of enchant armour {unknown}
 D - a scroll of enchant weapon {unknown}
 E - a scroll of vulnerability {unknown}
 I - a scroll of poison {unknown}
Potions
 e - a potion of brilliance {unknown}
 f - 2 potions of haste
 g - a potion of mutation {unknown}
 i - a potion of curing {unknown}
 j - 2 potions of magic {unknown}
 r - 2 potions of berserk rage {unknown}
 F - a potion of flight {unknown}
 G - a potion of degeneration {unknown}


   Skills:
 - Level 1.7 Fighting
 + Level 10.2 Long Blades
 - Level 0.8 Throwing
 - Level 0.7 Armour
 - Level 1.5 Dodging
 - Level 2.1 Spellcasting
 - Level 3.0 Translocations


You had 3 spell levels left.
You knew the following spells:

 Your Spells              Type           Power      Damage    Failure   Level
a - Blink                 Tloc           18%        N/A       4%          2
b - Vhi's Electric Charg  Tloc/Air       10%        N/A       16%         3
c - Tukima's Dance        Hex            1%         N/A       28%         3

Your spell library contained the following spells:

 Spells                   Type           Power      Damage    Failure   Level
 Lesser Beckoning         Tloc           18%        N/A       4%          2
 Teleport Other           Tloc           9%         N/A       9%          3
 Portal Projectile        Hex/Tloc       10%        N/A       16%         3
 Manifold Assault         Tloc           9%         N/A       28%         4
 Blade Hands              Tmut           0%         N/A       93%         5


Dungeon Overview and Level Annotations

Branches:
Dungeon (6/15)             Temple (0/1) D:4

Altars:
Qazlal
Uskayaw
Vehumet
Wu Jian
Xom
Zin

Shops:
D:1 !


Innate Abilities, Weirdness & Mutations

You have razor-sharp teeth.
Your natural rate of healing is unusually fast.
When hurt, damage is shared between your health and your magic reserves.
Your bite disrupts and absorbs the magic of your enemies.
Potions cannot restore your health.


Message History

The water moccasin poisons you! The water moccasin barely misses you.
You can now pass through a line of other dancers.
You barely miss the water moccasin. Your bite misses the water moccasin.
The water moccasin is moderately wounded.
You feel very sick. The water moccasin barely misses you.
You barely miss the water moccasin.
The water moccasin is moderately wounded.
You feel very sick.
The water moccasin bites you but does no damage.
You slash the water moccasin!
The water moccasin is heavily wounded.
You feel very sick. The water moccasin bites you.
You completely miss the water moccasin.
The water moccasin is heavily wounded.
You feel sick. The water moccasin closely misses you.
You hit the water moccasin.
The water moccasin is heavily wounded.
You feel sick. The water moccasin misses you.
You closely miss the water moccasin.
The water moccasin is heavily wounded.
You feel sick. The water moccasin barely misses you.
The water moccasin bites you.
* * * LOW HITPOINT WARNING * * *
You are lethally poisoned!
The water moccasin poisons you!
You slash the water moccasin!
The water moccasin is almost dead.
* * * LOW HITPOINT WARNING * * *
You feel very sick.
A white imp comes into view.
The water moccasin bites you.
* * * LOW HITPOINT WARNING * * *
You are more poisoned.
The water moccasin poisons you!
Uskayaw will force your foes to helplessly watch your dance.
Uskayaw prepares the audience for your solo!
It was a potion of haste.
You feel yourself speed up.
You die...

#. ....##.~..~~~
##.##.8..8.~
#...##8..8## #
#...##....# ##.###
#...##....# ......###
#...###..## ##......#
#...# #.# ......S.#
#...# #.# #
#>.....@#####...####.###
.......................#
....<..................#
.....#.................#
......######5...#.##.###
.....# #....#.......
#(..# #....#.##.##. ##.#
#...<#.##.##. #.
#....#.##....


You could see a water moccasin (paralysed) and a white imp (wandering,
paralysed).

Vanquished Creatures
  Sigmund (D:2)
  A water moccasin (D:5)
  2 black bears (D:5)
  3 ogres
  2 phantoms
  2 necrophages
  A bullfrog (D:6)
  A howler monkey (D:5)
  2 hounds
  2 jellies
  An orc priest (D:3)
  A gnoll bouda (D:4)
  Natasha (twice) (D:2)
  An iguana (D:5)
  2 orc wizards
  5 gnolls (D:4)
  4 adders
  A shadow imp (D:5)
  A white imp (D:5)
  An ufetubus (D:6)
  A worm (D:3)
  3 dart slugs
  12 orcs
  5 bats
  6 endoplasms
  7 giant cockroaches
  5 goblins
  6 hobgoblins
  4 jackals (D:1)
  2 quokkas (D:2)
  7 ball pythons
  5 frilled lizards (D:1)
  5 kobolds
  2 rats
106 creatures vanquished.

Notes
Turn   | Place    | Note
-------+----------+-------------------------------------------
     0 | D:1      | Leeroy the Vine Stalker Warper began the quest for the Orb.
     0 | D:1      | Reached XP level 1. HP: 11/11 MP: 4/4
    18 | D:1      | Reached skill level 2 in Long Blades
   122 | D:1      | Reached XP level 2. HP: 15/15 MP: 6/6
   288 | D:1      | Reached skill level 3 in Long Blades
   342 | D:1      | Reached XP level 3. HP: 18/18 MP: 7/7
   510 | D:1      | Found Gyurycam's Distillery.
   624 | D:2      | Noticed Natasha
   631 | D:2      | Killed Natasha
   632 | D:2      | Gained mutation: Your natural rate of healing is unusually
                  | fast. [Vine Stalker growth]
   632 | D:2      | Reached XP level 4. HP: 10/23 MP: 2/8
   844 | D:2      | Reached skill level 4 in Long Blades
   998 | D:2      | Noticed Natasha
  1000 | D:2      | Noticed Sigmund
  1002 | D:2      | Killed Natasha
  1014 | D:2      | Killed Sigmund
  1015 | D:2      | Reached skill level 5 in Long Blades
  1015 | D:2      | Reached XP level 5. HP: 26/26 MP: 9/9
  1015 | D:2      | Reached XP level 6. HP: 30/30 MP: 10/10
  1187 | D:3      | Reached skill level 6 in Long Blades
  1257 | D:3      | Found a faded altar of an unknown god.
  1732 | D:3      | Found a shimmering altar of Xom.
  1734 | D:3      | Found a hide-covered altar of Uskayaw.
  1959 | D:3      | Became a worshipper of Uskayaw the Reveller
  2114 | D:4      | Found a staircase to the Ecumenical Temple.
  2121 | D:4      | Reached * piety under Uskayaw
  2124 | D:4      | Reached ** piety under Uskayaw
  2126 | D:4      | Reached XP level 7. HP: 13/34 MP: 8/11
  2223 | D:4      | Found a stormy altar of Qazlal.
  2452 | D:4      | Reached skill level 7 in Long Blades
  2569 | D:4      | Reached *** piety under Uskayaw
  2575 | D:4      | Reached **** piety under Uskayaw
  2582 | D:4      | HP: 1/34 [gnoll/+0 halberd[a gnoll bouda] (3)]
  2658 | D:4      | Learned a level 2 spell: Blink
  2662 | D:4      | Learned a level 3 spell: Vhi's Electric Charge
  2924 | D:5      | Entered Level 5 of the Dungeon
  2973 | D:5      | Reached ***** piety under Uskayaw
  3067 | D:5      | Reached skill level 8 in Long Blades
  3067 | D:5      | Gained mutation: You have razor-sharp teeth. [Vine Stalker
                  | growth]
  3067 | D:5      | Reached XP level 8. HP: 19/38 MP: 10/12
  3130 | D:5      | Found an ornate altar of the Wu Jian Council.
  3210 | D:5      | Found a glowing silver altar of Zin.
  3254 | D:5      | Reached skill level 9 in Long Blades
  3305 | D:5      | Found a radiant altar of Vehumet.
  3698 | D:5      | Learned a level 3 spell: Tukima's Dance
  4087 | D:6      | Reached skill level 10 in Long Blades
  4135 | D:6      | Succumbed to a water moccasin's poison

Illustrated notes

Levels and vault maps discovered:
D:1:      eino_arrival_water_cross, layout_rooms, serial_shops, shop
D:2:      layout_basic, uniq_natasha, uniq_sigmund
D:3:      layout_basic, minitemple, ebering_ecumenical_altar_rust
D:4:      layout_loops_cross, nicolae_qazlal_general_emergency,
          minmay_temple_entry_sparse_star
D:5:      layout_loops_ring, mainiacjoe_overflow_catch_the_wave,
          vehumet_crystals
D:6:      wander_river, layout_loops_cross,
          nicolae_concentric_dashed_squares_mild, kennysheep_path_1

Skill      XL: |  1  2  3  4  5  6  7  8 |
---------------+-------------------------+-----
Long Blades    | 2 3 5 6 8 10 | 10.2
Fighting       | |  1.7
Throwing       | |  0.8
Armour         | |  0.7
Dodging        | |  1.5
Spellcasting   | |  2.1
Translocations | |  3.0

Action                     |  1- 3 |  4- 6 |  7- 9 || total
---------------------------+-------+-------+-------++-------
  Melee: Falchion          |    72 |       |    23 ||    95
         Bite              |    15 |    32 |    64 ||   111
         Dagger            |     8 |    90 |   144 ||   242
         Punch             |       |     1 |     1 ||     2
         Long sword        |       |       |    32 ||    32
  Throw: Dart              |       |       |     1 ||     1
         Boomerang         |       |       |     1 ||     1
   Cast: Blink             |       |       |     1 ||     1
    Use: Potion            |       |       |     1 ||     1
   Stab: Sleeping          |       |     2 |     1 ||     3
         Distracted        |       |     1 |       ||     1
         Paralysed         |       |       |     3 ||     3
 Armour: Leather armour    |    26 |    11 |       ||    37
         Robe              |       |     6 |    53 ||    59
  Dodge: Dodged            |    60 |    43 |   103 ||   206

Table legend: (Time is in decaauts)
 A = Elapsed time spent in this place.
 B = Non-inter-level travel time spent in this place.
 C = Inter-level travel time spent in this place.
 D = Time resting spent in this place.
 E = Time spent auto-exploring this place.
 F = Levels seen in this place.
 G = Mean time per level.
                   A        B        C        D        E       F      G
               +--------+--------+--------+--------+--------+-----+--------+
         Total |   4098 |   3880 |    218 |     22 |   2980 |   6 |  683.0 |
       Dungeon |   4098 |   3880 |    218 |     22 |   2980 |   6 |  683.0 |
               +--------+--------+--------+--------+--------+-----+--------+

Top non-repeatable levels by time:
     D:3: 936 daAuts
     D:5: 800 daAuts
     D:4: 795 daAuts
     D:2: 636 daAuts
     D:1: 536 daAuts
     D:6: 392 daAuts
